 Dungeon Crawl Stone Soup version 0.24-a0-769-g368c164 (webtiles) character file.

Game seed: 14888575429848198100, levelgen mode: deterministic

77658 BoppinsLewinski the Cleaver (level 16, -13/145 HPs)
             Began as a Formicid Fighter on Oct 3, 2019.
             Was a High Priest of Okawaru.
             Killed from afar by a merfolk aquamancer (38 damage)
             ... with a torrent of water
             ... on level 2 of the Shoals on Oct 4, 2019.
             The game lasted 01:29:27 (25622 turns).

BoppinsLewinski the Cleaver (Formicid Fighter)     Turns: 25622, Time: 01:29:28

Health: -13/145    AC: 24    Str: 27    XL:     16   Next: 5%
Magic:  24/24      EV:  7    Int:  9    God:    Okawaru [*****.]
Gold:   933        SH: 24    Dex: 10    Spells: 15/15 levels left

rFire    . . .     SeeInvis +   z - +1 battleaxe (flame)
rCold    . . .     Gourm    .   I - +0 large shield
rNeg     . . .     Faith    .   u - +3 plate armour {rPois}
rPois    +         Spirit   .   (helmet unavailable)
rElec    .         Reflect  .   m - +0 cloak {+Inv}
rCorr    .         Harm     .   g - +1 pair of gloves
MR       ++...                  K - +1 pair of boots {Fly}
Stlth    ..........             (no amulet)
HPRegen  0.34/turn              A - ring of poison resistance
MPRegen  0.19/turn              B - ring of protection from magic

@: flying, very slightly contaminated, invisible
A: permanent stasis, dig shafts and tunnels, four strong arms, antennae 3,
talons 1, large bone plates 1, robust 1
a: Dig, Shaft Self, Heroism, Finesse, Renounce Religion, Stop Flying


You were on level 2 of the Shoals.
You worshipped Okawaru.
Okawaru was extremely pleased with you.
You were not hungry.

You visited 5 branches of the dungeon, and saw 22 of its levels.

You collected 1941 gold pieces.
You spent 1008 gold pieces at shops.

Inventory:

Hand Weapons
 n - a +0 battleaxe
 q - a +4 flail
 t - the +9 war axe of the Past {chop, -Tele Dex+5, unknown}
   (Okawaru gifted it to you on level 11 of the Dungeon)

   It inflicts extra damage upon your enemies.
   It affects your dexterity (+5).
   It prevents most forms of teleportation.
 z - a +1 battleaxe of flaming (weapon)
Armour
 g - a +1 pair of gloves (worn)
 m - a +0 cloak of invisibility (worn)
 s - a scarf of cloud immunity
 u - a +3 plate armour of poison resistance (worn)
 I - a +0 large shield (worn)
 K - a +1 pair of boots of flying (worn)
Jewellery
 b - an uncursed amulet of rage {unknown}
 d - a +3 ring of protection
 r - a +1 ring of evasion
 y - an uncursed ring of fire {unknown}
 A - a ring of poison resistance (left hand)
 B - a ring of protection from magic (right hand)
 N - an uncursed ring of protection from fire
 P - an uncursed amulet of harm {unknown}
Wands
 G - a wand of digging (8)
 H - a wand of enslavement (5)
Scrolls
 c - 2 scrolls of fog
 h - 3 scrolls of fear
 i - 2 scrolls of enchant armour
 k - 10 scrolls of remove curse
 l - 3 scrolls of enchant weapon
 p - 2 scrolls of immolation
 v - a scroll of silence
 w - 4 scrolls of magic mapping
Potions
 a - 3 potions of brilliance
 j - 4 potions of curing
 x - a potion of cancellation
 C - 4 potions of ambrosia
 D - 3 potions of agility
 F - 3 potions of lignification
Comestibles
 f - 35 rations


   Skills:
 * Level 13.7 Fighting
 + Level 14.2 Axes
 + Level 10.7 Armour
 * Level 14.1 Shields
 + Level 11.0 Invocations
 + Level 9.7 Evocations


You had 15 spell levels left.
You didn't know any spells.
Your spell library contained the following spells:

 Spells                   Type           Power        Failure   Level  Hunger
 Confusing Touch          Hex            #.....       99%         1    ##.....
 Magic Dart               Conj           #...         99%         1    ##.....
 Sandblast                Erth           #.....       99%         1    ##.....
 Call Imp                 Summ           #.......     99%         2    ###....
 Passwall                 Tmut/Erth      #.......     99%         2    ###....
 Slow                     Hex            #.......     99%         2    ###....
 Confuse                  Hex            #.......     100%        3    ####...
 Conjure Flame            Conj/Fire      #.......     100%        3    ####...
 Gell's Gravitas          Tloc           #.........   100%        3    ####...
 Mephitic Cloud           Conj/Pois/Air  #.......     100%        3    ####...
 Stone Arrow              Conj/Erth      #.....       100%        3    ####...
 Ice Form                 Ice/Tmut       #.......     100%        4    #####..
 Petrify                  Tmut/Erth      #.......     100%        4    #####..
 Lee's Rapid Deconstruct  Erth           #.........   100%        5    ######.
 Metabolic Englaciation   Hex/Ice        #.........   100%        5    ######.
 Yara's Violent Unravell  Hex/Tmut       #.........   100%        5    ######.
 Bolt of Cold             Conj/Ice       #.........   100%        6    #######
 Freezing Cloud           Conj/Ice/Air   #.........   100%        6    #######
 Ozocubu's Refrigeration  Ice            #.........   100%        6    #######
 Simulacrum               Ice/Necr       #.........   100%        6    #######
 Blink                    Tloc           Unusable     N/A         2    N/A

Dungeon Overview and Level Annotations

Branches:
Dungeon (11/15)            Temple (1/1) D:5            Lair (6/6) D:11
 Shoals (2/4) Lair:3       Spider (0/4) Lair:3        Slime (0/5) Lair:5
    Orc (2/2) D:9             Elf (0/3) Orc:2

Altars:
Cheibriados
Kikubaaqudgha
Okawaru
Sif Muna
Trog
Xom
The Shining One
Beogh
Jiyva

Shops:
D:5 %   D:10 =   Orc:2 !}=[   Shoals:1 !(?

Annotations:
Lair:2 3 runed translucent doors, fearitself's ghost, journeyman VSBe
Lair:3 exclusion: 2 oklob plants
Lair:5 exclusion: downstairs
Shoals:1 1 runed translucent door, Uroituos's ghost, journeyman DrWz


Innate Abilities, Weirdness & Mutations

You cannot be hasted, slowed, berserked, paralysed or teleported.
You can dig through walls and to a lower floor.
Your four strong arms can wield two-handed weapons with a shield.
You have a pair of large antennae on your head. (SInv)
You have sharp toenails.
You are partially covered in large bone plates. (SH +4)
You are robust. (+10% HP)


Message History

Ye be too injured ta fight recklessly!
Ye be too injured ta fight recklessly!
Ye feel better.
Tha merfolk aquamancer closely misses ye.
Ye hear a loud "Zot"!
Ye block tha snappin' turtle's attack.
Ye closely miss tha merfolk aquamancer.
Tha merfolk aquamancer be almost dead.
Ye hit tha water elemn'tal.
Ye burn tha water elemn'tal.
Ye destroy tha water elemn'tal!
Okawaru accepts yer kill.
Ye barely miss tha snappin' turtle.
Tha merfolk aquamancer casts a spell at ye.
Tha torrent o' water hits ye!!
* * * LOW HITPOINT WARNIN'
* * * Ye be knocked back by tha torrent o' water.
Tha wave splashes down.
Tha merfolk aquamancer gestures at ye while chantin'.
Tha torrent o' water hits ye!!!
Ye die...

≈≈≈≈........#.......≈≈≈.#.....≈
≈≈≈≈.......#.......≈≈≈≈≈.#....(
≈≈≈≈..?....#....[..≈≈≈≈≈.#.....
≈≈≈≈...E...........≈≈≈≈≈......?
≈≈≈...≈.≈..#......≈≈≈≈≈≈.#.....
.......≈≈^%#.....≈≈≈≈≈≈≈.#.....
......≈≈≈mm.#....≈≈≈≈≈≈.#....<.
.#.........m#....≈≈≈≈≈..#......
##.....m....≈@....≈≈≈.........
#.......EEt≈##.....##........
#.......≈≈≈§≈.##.##≈.........
........≈≈≈≈≈≈......(.........
...≈≈....≈≈≈≈≈......≈.........
...≈≈....≈≈≈≈≈........≈.†.....
..≈≈...≈≈=≈≈≈....≈.≈≈≈......
#.≈≈...≈≈≈≈≈≈≈≈≈≈≈≈≈≈≈......
.≈≈≈≈≈≈≈...≈≈≈≈≈≈.≈†≈†....


You could see 2 merfolk aquamancers, a snapping turtle, a merfolk and 2 water
elementals.

Vanquished Creatures
  Nikola (Shoals:1)
  Donald (Orc:2)
  2 merfolk javelineers (Shoals:1)
  A merfolk impaler (Shoals:1)
  A merfolk avatar (Shoals:1)
  8 hydras
  Erica (Lair:1)
  4 catoblepae (Lair:6)
  A satyr (Shoals:1)
  4 two-headed ogres
  3 orc high priests (Orc:2)
  7 death yaks
  An unseen horror (D:10)
  3 harpies (Shoals:2)
  An orb spider (Lair:3)
  2 cyclopes
  2 oklob plants (Lair:3)
  9 orc knights
  7 fauns
  5 manticores
  A black mamba (Lair:6)
  6 merfolk sirens
  16 elephants
  5 spiny frogs
  A water nymph (Shoals:1)
  A gargoyle (D:10)
  2 molten gargoyles (Lair:5)
  4 rime drakes
  8 komodo dragons
  A troll (Orc:2)
  2 polar bears (Lair:5)
  8 merfolk
  3 wind drakes
  2 snapping turtles (Shoals:1)
  Grinder (D:6)
  9 blink frogs
  7 hippogriffs
  3 dream sheep (Shoals:1)
  3 slime creatures (Lair:5)
  A wraith (D:10)
  22 yaks
  2 wyverns
  A water elemental (Shoals:2)
  A steam dragon (D:10)
  2 basilisks
  2 hungry ghosts
  9 wargs
  11 water moccasins
  Duvessa (D:5)
  6 porcupines
  2 sky beasts
  48 orc warriors
  2 ice beasts
  2 phantoms (D:4)
  2 black bears
  A necrophage (D:10)
  9 ogres
  14 wolves
  3 centaurs
  8 crocodiles
  4 bullfrogs
  2 big kobolds (D:8)
  A wyvern skeleton (D:7)
  Dowan (D:5)
  2 scorpions
  11 killer bees
  5 wights (D:10)
  3 howler monkeys
  5 lava snakes (Lair:5)
  A centaur zombie (D:10)
  11 crimson imps
  A hound (D:8)
  4 jellies
  10 orc priests
  31 orc wizards
  3 centaur skeletons
  A gnoll shaman (D:8)
  2 iguanas
  Ijyb (D:3)
  9 worker ants
  A hound zombie (D:6)
  A hound skeleton (D:10)
  3 worker ant zombies
  11 adders
  15 gnolls
  3 shadow imps
  An adder zombie (D:8)
  2 adder skeletons
  A worm (D:3)
  3 dart slugs (D:1)
  7 leopard geckos
  111 orcs
  3 ball pythons
  10 giant cockroaches
  6 goblins
  7 hobgoblins
  10 kobolds
  3 quokkas
  5 bats
  6 frilled lizards
  A jackal zombie (D:5)
  5 rats
  2 fungi
  4 plants
625 creatures vanquished.

Vanquished Creatures (others)
  3 fungi
  20 plants
  2 withered plants (Shoals:1)
25 creatures vanquished.

Grand Total: 650 creatures vanquished

Notes
Turn   | Place    | Note
-------+----------+-------------------------------------------
     0 | D:1      | BoppinsLewinski the Formicid Fighter began the quest for
                  | the Orb.
     0 | D:1      | Reached XP level 1. HP: 18/18 MP: 1/1
    34 | D:1      | Reached XP level 2. HP: 20/24 MP: 2/2
   153 | D:1      | Reached XP level 3. HP: 25/29 MP: 3/3
   629 | D:2      | Noticed an ogre
   636 | D:2      | Killed an ogre
   636 | D:2      | Reached XP level 4. HP: 27/37 MP: 4/4
   636 | D:2      | Reached XP level 5. HP: 31/42 MP: 5/5
  1110 | D:3      | Reached XP level 6. HP: 44/48 MP: 6/6
  1194 | D:3      | Found a shimmering altar of Xom.
  1235 | D:3      | Reached skill level 1 in Evocations
  1324 | D:3      | Noticed Ijyb
  1326 | D:3      | Killed Ijyb
  1354 | D:3      | Reached skill level 5 in Shields
  1489 | D:3      | Reached XP level 7. HP: 54/55 MP: 6/8
  1770 | D:4      | Reached skill level 5 in Axes
  2014 | D:4      | Reached skill level 5 in Armour
  2168 | D:4      | Reached skill level 5 in Fighting
  2168 | D:4      | Reached XP level 8. HP: 30/62 MP: 9/9
  2455 | D:4      | Gained mutation: You have sharp toenails. [potion of
                  | mutation]
  2455 | D:4      | Gained mutation: You are partially covered in large bone
                  | plates. (SH +4) [potion of mutation]
  2455 | D:4      | Gained mutation: You are robust. (+10% HP) [potion of
                  | mutation]
  2496 | D:4      | Found a glowing golden altar of the Shining One.
  2664 | D:5      | Entered Level 5 of the Dungeon
  2901 | D:5      | Noticed Dowan
  2958 | D:5      | Killed Dowan
  3028 | D:5      | Noticed Duvessa
  3040 | D:5      | Killed Duvessa
  3040 | D:5      | Reached XP level 9. HP: 60/74 MP: 11/11
  3193 | D:5      | Found Paegej's Food Shoppe.
  3363 | D:5      | Found a staircase to the Ecumenical Temple.
  3371 | Temple   | Entered the Ecumenical Temple
  3375 | Temple   | Became a worshipper of Warmaster Okawaru
  3774 | D:6      | Reached * piety under Okawaru
  3965 | D:6      | Noticed Grinder
  3980 | D:6      | Killed Grinder
  4418 | D:7      | Reached skill level 10 in Axes
  5205 | D:8      | Reached XP level 10. HP: 68/81 MP: 12/12
  5253 | D:8      | Reached ** piety under Okawaru
  5798 | D:8      | Noticed a two-headed ogre
  5806 | D:8      | Killed a two-headed ogre
  5904 | D:8      | Reached skill level 1 in Invocations
  5985 | D:8      | Reached *** piety under Okawaru
  6114 | D:8      | Found a roughly hewn altar of Beogh.
  6940 | D:9      | Reached **** piety under Okawaru
  6945 | D:9      | Reached XP level 11. HP: 79/90 MP: 13/13
  7144 | D:9      | Found a staircase to the Orcish Mines.
  7188 | D:9      | Found an ancient bone altar of Kikubaaqudgha.
  7250 | D:10     | Entered Level 10 of the Dungeon
  7390 | D:10     | Noticed a two-headed ogre
  7397 | D:10     | Killed a two-headed ogre
  7520 | D:10     | Found Herolik's Jewellery Boutique.
  7528 | D:10     | Bought an uncursed ring of poison resistance for 280 gold
                  | pieces
  7542 | D:10     | Reached skill level 5 in Invocations
  7615 | D:10     | Reached ***** piety under Okawaru
  7816 | D:10     | Noticed an unseen horror
  7824 | D:10     | Killed an unseen horror
  7903 | D:10     | Noticed a two-headed ogre
  7912 | D:10     | Killed a two-headed ogre
  8402 | D:11     | Noticed a cyclops
  8415 | D:11     | Killed a cyclops
  8415 | D:11     | Reached skill level 5 in Evocations
  9046 | D:11     | Noticed a two-headed ogre
  9050 | D:11     | Killed a two-headed ogre
  9050 | D:11     | Received a gift from Okawaru
  9202 | D:11     | Found a staircase to the Lair.
  9211 | Lair:1   | Entered Level 1 of the Lair of Beasts
  9262 | Lair:1   | Found the +6 arbalest "Damnation" {damnation}
  9293 | Lair:1   | Noticed Erica
  9303 | Lair:1   | Killed Erica
  9303 | Lair:1   | Reached XP level 12. HP: 87/102 MP: 13/16
 10641 | Lair:2   | Received a gift from Okawaru
 10721 | Lair:2   | Found a runed translucent gate.
 10721 | Lair:2   | Found a runed translucent gate.
 10724 | Lair:2   | Found a runed translucent gate.
 11039 | Lair:2   | Found a viscous altar of Jiyva.
 11039 | Lair:2   | Noticed fearitself's ghost (journeyman VSBe)
 11883 | Lair:3   | Noticed a six-headed hydra
 11887 | Lair:3   | Killed a six-headed hydra
 12038 | Lair:3   | Reached XP level 13. HP: 62/113 MP: 18/18
 12399 | Lair:3   | Reached skill level 10 in Fighting
 12698 | Lair:3   | Reached skill level 10 in Shields
 12729 | Lair:3   | Received a gift from Okawaru
 12967 | Lair:3   | Found a staircase to the Shoals.
 13014 | Lair:3   | Found a hole to the Spider Nest.
 13582 | Lair:4   | Noticed a seven-headed hydra
 13584 | Lair:4   | Killed a seven-headed hydra
 13584 | Lair:4   | Reached ****** piety under Okawaru
 13963 | Lair:4   | Received a gift from Okawaru
 15000 | Lair:5   | Noticed an eight-headed hydra
 15003 | Lair:5   | Killed an eight-headed hydra
 15343 | Lair:5   | Found a staircase to the Slime Pits.
 15807 | Lair:5   | Noticed a seven-headed hydra
 15814 | Lair:5   | Killed an eight-headed hydra
 15920 | Lair:5   | Noticed a six-headed hydra
 15934 | Lair:5   | Killed a 12-headed hydra
 15934 | Lair:5   | Reached XP level 14. HP: 95/124 MP: 13/20
 16239 | Lair:6   | Entered Level 6 of the Lair of Beasts
 18487 | Lair:6   | Received a gift from Okawaru
 20065 | Orc:1    | Entered Level 1 of the Orcish Mines
 20545 | Orc:1    | Reached skill level 10 in Invocations
 20746 | Orc:2    | Entered Level 2 of the Orcish Mines
 20791 | Orc:2    | Noticed Donald
 20800 | Orc:2    | Killed Donald
 20800 | Orc:2    | Reached XP level 15. HP: 134/134 MP: 14/22
 20832 | Orc:2    | Reached skill level 10 in Armour
 21390 | Orc:2    | Found a staircase to the Elven Halls.
 21564 | Orc:2    | Received a gift from Okawaru
 21973 | Orc:2    | Found a roughly hewn altar of Beogh.
 22096 | Orc:2    | Found Wuixil's Distillery.
 22096 | Orc:2    | Found Yjauto's Gadget Emporium.
 22155 | Orc:2    | Found a roughly hewn altar of Beogh.
 22165 | Orc:2    | Found Ikletira's Jewellery Boutique.
 22165 | Orc:2    | Found Cudaxo Kidu's Armour Emporium.
 22342 | Orc:2    | Upgraded the game from 0.24-a0-762-gca426f5 to
                  | 0.24-a0-769-g368c164
 22649 | Shoals:1 | Entered Level 1 of the Shoals
 22859 | Shoals:1 | Found Ozex's Magic Scroll Emporium.
 22862 | Shoals:1 | Found Adelesad's Antique Weapon Emporium.
 22889 | Shoals:1 | Bought a scroll of acquirement for 728 gold pieces
 22895 | Shoals:1 | Noticed Nikola
 22909 | Shoals:1 | Killed Nikola
 22909 | Shoals:1 | Received a gift from Okawaru
 22976 | Shoals:1 | Found Tyxtonin's Distillery.
 24038 | Shoals:1 | Found a runed translucent door.
 24039 | Shoals:1 | Noticed Uroituos's ghost (journeyman DrWz)
 24059 | Shoals:1 | Got a coiled tin ring
 24411 | D:11     | Got a jewelled war axe {god gift}
 25523 | Shoals:2 | Reached XP level 16. HP: 141/144 MP: 24/24
 25598 | Shoals:2 | Identified the ring of the Bruised Stories {rPois Int+2}
                  | (You found it on level 1 of the Shoals)
 25622 | Shoals:2 | Killed from afar by a merfolk aquamancer

Levels and vault maps discovered:
D:1:      dpeg_arrival_simpleton_c, layout_loops_cross, minmay_tree_intersection
D:2:      layout_basic
D:3:      layout_rooms, first_ration, chequers_serial_rivers_large_a,
          led_xom_imps, uniq_ijyb
D:4:      layout_rooms, kennysheep_mini_moat
D:5:      layout_basic, minmay_temple_entry_drinking_statues, serial_shops,
          nicolae_shop_trees, uniq_duvessa
D:6:      layout_basic, uniq_grinder
D:7:      layout_loops_cross
D:8:      layout_basic, special_room [special_room_orc], blue_anna_alchemist
          [blue_anna_fruit_fields, blue_anna_fruit_fields],
          hangedman_abyss_or_decor_stagger
D:9:      layout_rooms, david_orc_4, basic_altar
D:10:     layout_roguey, serial_shops, shop
D:11:     layout_irregular_city, lair_entry_dummy
Temple:   nicolae_temple_the_god_donut
Lair:1:   layout_hall_layers, lemuel_fruit_fields, grunt_megastairs_4,
          uniq_erica
Lair:2:   layout_layer_cave, gammafunk_ghost_ooze, lemuel_fruit_tree
Lair:3:   layout_chaotic_city, elwin_shoals_entry_stream,
          nicolae_spider_entry_orb_guardian, grunt_megastairs_5,
          minmay_lair_oklob_chamber
Lair:4:   layout_layer_cave, beast_lair_carwin_9
Lair:5:   cheibrodos_magma_flow, layout_cave_pods, minmay_slime_entry_pillars,
          lemuel_fruit_fields
Lair:6:   evilmike_catoblepas_cave, layout_gridlike
Shoals:1: layout_shoals, serial_shops, nicolae_shop_statue_plus, shop_fountains,
          shop, gammafunk_ghost_grave, uniq_nikola
Shoals:2: layout_shoals, nicolae_shoals_circle_sea_wall
Orc:1:    layout_caves
Orc:2:    st_orc_town, layout_caves, bh_open_orc_temple, uniq_donald

Skill      XL: |  1  2  3  4  5  6  7  8  9 10 11 12 13 14 15 16 |
---------------+-------------------------------------------------+-----
Shields        | 4 5 6 7 9 11 12 14 | 14.1
Fighting       | 4 5 6 8 9 11 12 13 | 13.7
Axes           | 3 4 5 7 10 12 13 14 | 14.2
Armour         | 4 5 6 7 8 9 10 | 10.7
Evocations     | 1 2 3 5 6 7 8 9 |  9.7
Invocations    | 3 6 7 9 10 11 | 11.0

Action                   |  1- 3 |  4- 6 |  7- 9 | 10-12 | 13-15 | 16-18 || total
-------------------------+-------+-------+-------+-------+-------+-------++-------
Melee: War axe           |    86 |   139 |   137 |       |       |       ||   362
       Battleaxe         |       |       |   264 |   723 |  1135 |    22 ||  2144
       Kick              |       |       |    85 |   202 |    17 |       ||   304
       Flail             |       |       |       |       |    24 |       ||    24
Invok: Heroism           |       |       |       |     7 |    18 |       ||    25
       Finesse           |       |       |       |       |    12 |     1 ||    13
 Abil: Dig               |       |       |     7 |     4 |    20 |       ||    31
       Evoke Invisibilit |       |       |       |       |     5 |       ||     5
Evoke: Wand              |       |     2 |    12 |    16 |    68 |       ||    98
       Phantom mirror    |       |       |       |       |     1 |       ||     1
  Use: Potion            |     1 |     1 |     4 |     1 |     8 |     2 ||    17
       Scroll            |       |       |     7 |     4 |    16 |     1 ||    28
 Stab: Paralysed         |       |       |       |       |     3 |       ||     3
       Invisible         |       |       |       |       |    14 |       ||    14
       Petrified         |       |       |       |       |     1 |       ||     1
  Eat: Chunk             |       |     2 |    10 |    17 |    25 |       ||    54
       Ration            |       |       |     1 |     4 |     7 |       ||    12
Armor: Scale mail        |    36 |    51 |    28 |       |       |       ||   115
       Chain mail        |       |       |    49 |       |       |       ||    49
       Plate armour      |       |       |    30 |   228 |   263 |    16 ||   537
Dodge: Dodged            |    14 |    42 |    96 |   123 |   144 |     8 ||   427
Block: Shield            |    39 |    79 |   256 |   303 |       |       ||   677
       Large shield      |       |       |       |   301 |   952 |    36 ||  1289

Table legend:
 A = Non-vault XP
 B = Vault XP
 C = Vault XP percentage of total XP
 D = Non-vault monster count
 E = Vault monster count
 F = Vault count percentage of total count
                 A         B        C        D         E       F
            +---------+---------+-------+---------+---------+-------
      Total |   73063 |   37878 |  34.1 |     454 |     165 |  26.7
            +---------+---------+-------+---------+---------+-------
        D:1 |      51 |       0 |   0.0 |      28 |       0 |   0.0
        D:2 |     192 |       0 |   0.0 |      14 |       0 |   0.0
        D:3 |      75 |     227 |  75.2 |      17 |       5 |  22.7
        D:4 |    1070 |       0 |   0.0 |      30 |       0 |   0.0
        D:5 |     415 |     214 |  34.0 |      15 |       2 |  11.8
        D:6 |     903 |     267 |  22.8 |      28 |       1 |   3.4
        D:7 |     267 |       0 |   0.0 |      14 |       0 |   0.0
        D:8 |    2218 |     178 |   7.4 |      36 |      17 |  32.1
        D:9 |    1171 |     797 |  40.5 |      19 |      16 |  45.7
       D:10 |    4730 |       0 |   0.0 |      33 |       0 |   0.0
       D:11 |    1884 |       0 |   0.0 |       7 |       0 |   0.0
     Lair:1 |    1894 |    1870 |  49.7 |       9 |       7 |  43.8
     Lair:2 |    3573 |       0 |   0.0 |      18 |       0 |   0.0
     Lair:3 |    8807 |    4670 |  34.7 |      21 |      13 |  38.2
     Lair:4 |    3450 |     897 |  20.6 |       8 |       3 |  27.3
     Lair:5 |    9796 |    2915 |  22.9 |      26 |      13 |  33.3
     Lair:6 |    6670 |   10960 |  62.2 |      22 |      21 |  48.8
   Shoals:1 |   15706 |    3687 |  19.0 |      33 |       1 |   2.9
   Shoals:2 |    2667 |       0 |   0.0 |       6 |       0 |   0.0
      Orc:1 |    2476 |       0 |   0.0 |      22 |       0 |   0.0
      Orc:2 |    5048 |   11196 |  68.9 |      48 |      66 |  57.9
            +---------+---------+-------+---------+---------+-------
